 Dungeon Crawl Stone Soup version 0.31-a0-986-g5e6e4ef867 (webtiles) character file.

Game seed: 2332266927882777861

25417 gelatine the Arsonist (level 12, -1/92 HPs)
             Began as a Demonspawn Fire Elementalist on Nov 6, 2023.
             Was an Elder of Vehumet.
             Slain by a death yak (11 damage)
             ... on level 3 of the Lair of Beasts.
             The game lasted 01:00:03 (16769 turns).

gelatine the Arsonist (DsFE)                       Turns: 16769, Time: 01:00:04

Health: -1/92      AC: 18    Str: 11    XL:     12   Next: 89%
Magic:  0/34       EV: 13    Int: 23    God:    Vehumet [****..]
Gold:   680        SH:  0    Dex: 15    Spells: 3/30 levels left

rFire   . . .        S - +7 long sword of Termination {drain, Str+2 Int+3}
rCold   . . .        (no shield)
rNeg    . . .        Y - +0 troll leather armour
rPois   +            h - +2 helmet
rElec   +            d - +2 cloak {Will+}
rCorr   .            l - +2 pair of gloves {infuse}
SInv    .            (no boots)
Will    +....        F - amulet "Ludgharu" {Spirit rElec rPois}
Stlth   +++          A - +4 ring of protection
HPRegen 1.15/turn    y - ring of magical power
MPRegen 0.24/turn

%: guardian spirit
@: no status effects
A: hooves 2, slimy green scales 1, spiny 2, demonic magic 3
a: Renounce Religion


You were on level 3 of the Lair of Beasts.
You worshipped Vehumet.
Vehumet was greatly pleased with you.
You visited 3 branches of the dungeon, and saw 14 of its levels.

You collected 836 gold pieces.
You spent 156 gold pieces at shops.

Inventory:

Hand Weapons
 u - a +0 broad axe
 x - the +5 war axe "Conservator" {venom, MP+9 Dex+4}
   (You found it on level 5 of the Dungeon)

   Dex+4:     It affects your dexterity (+4).
   MP+9:      It affects your magic capacity (+9).
 L - a +5 dagger
 N - the +9 whip "Ystezuto" {heavy, Drain Int+3 Dex+6}
   (You found it on level 8 of the Dungeon)

   Int+3:     It affects your intelligence (+3).
   Dex+6:     It affects your dexterity (+6).
   Drain:     It drains your maximum health when unequipped.
 S - the +7 long sword of Termination (weapon) {drain, Str+2 Int+3}
   (You found it on level 9 of the Dungeon)

   Str+2:     It affects your strength (+2).
   Int+3:     It affects your intelligence (+3).
 V - a +2 war axe of flaming
Missiles
 g - 4 throwing nets
Armour
 c - the +2 chain mail "Mamaem" {Dex+2 Stlth+}
   (You took it off an orc warrior on level 7 of the Dungeon)

   Dex+2:     It affects your dexterity (+2).
   Stlth+:    It makes you more stealthy.
 d - a +2 cloak of willpower (worn)
 h - a +2 helmet (worn)
 i - a +0 kite shield
 l - a +2 pair of gloves of infusion (worn)
 O - +0 steam dragon scales
 Y - a +0 troll leather armour (worn)
 Z - a +2 pair of gloves
Magical Staves
 a - a staff of death
 C - a staff of cold
Jewellery
 r - a +4 ring of slaying
 y - a ring of magical power (right hand)
 z - a ring of wizardry
 A - a +4 ring of protection (left hand)
 F - the amulet "Ludgharu" (around neck) {Spirit rElec rPois}
   (You bought it in a shop on level 6 of the Dungeon)

   [amulet of guardian spirit]

   Spirit:    It causes incoming damage to be divided between your reserves of
   health and magic.
   rElec:     It insulates you from electricity.
   rPois:     It protects you from poison
 U - an amulet of the acrobat
Wands
 b - a wand of digging (8)
 n - a wand of mindburst (4)
 q - a wand of paralysis (13)
 t - a wand of flame (7)
 B - a wand of quicksilver (8)
 X - a wand of polymorph (6)
Scrolls
 e - a scroll of poison
 j - 4 scrolls of fog
 o - 3 scrolls of torment
 D - 2 scrolls of teleportation
 E - 2 scrolls of vulnerability
 G - 2 scrolls of noise
 M - a scroll of immolation
 Q - a scroll of enchant weapon
Potions
 f - a potion of ambrosia
 k - a potion of lignification
 m - 2 potions of might
 p - 4 potions of enlightenment
 s - 2 potions of mutation
 w - 4 potions of curing
 I - 2 potions of haste
 K - a potion of brilliance {unknown}
 W - 2 potions of attraction {unknown}


   Skills:
 * Level 7.8 Fighting
 + Level 0.1(2.3) Short Blades
 * Level 4.0 Long Blades
 + Level 4.4(4.5) Axes
 + Level 1.1(3.0) Maces & Flails
 + Level 2.0 Armour
 + Level 4.1 Dodging
 + Level 5.2 Stealth
 + Level 9.5 Spellcasting
 * Level 8.1 Conjurations
 + Level 4.5 Hexes
 + Level 4.1 Translocations
 * Level 10.0 Fire Magic
 + Level 3.0 Evocations


You had 3 spell levels left.
You knew the following spells:

 Your Spells              Type           Power      Damage    Failure   Level
a - Foxfire               Conj/Fire      100%       2x1d9     1%          1
b - Scorch                Fire           100%       2d9       1%          2
c - Inner Flame           Hex/Fire       44%        N/A       1%          3
d - Volatile Blastmotes   Fire/Tloc      86%        2d17      1%          3
e - Flame Wave            Conj/Fire      52%        2d13      1%          4
f - Sticky Flame          Conj/Fire      52%        2d7       1%          4
g - Apportation           Tloc           60%        N/A       1%          1
h - Fire Storm            Conj/Fire      26%        8d7       100%        9

Your spell library contained the following spells:

 Spells                   Type           Power      Damage    Failure   Level
 Magic Dart               Conj           100%       1d8       1%          1
 Shock                    Conj/Air       100%       1d9       1%          1
 Jinxbite                 Hex            62%        N/A       1%          2
 Ignite Poison            Fire/Tmut/Pois 26%        N/A       1%          3
 Mephitic Cloud           Conj/Pois/Air  23%        N/A       2%          3
 Poisonous Vapours        Pois/Air       20%        N/A       3%          2
 Frozen Ramparts          Ice            20%        1d4       7%          3
 Cigotuvi's Dreadful Rot  Necr/Pois/Air  20%        N/A       12%         2
 Swiftness                Air            10%        N/A       24%         3
 Starburst                Conj/Fire      26%        6d8       8%          6
 Freezing Cloud           Conj/Ice/Air   11%        6-21      17%         5
 Airstrike                Air            5%         2d(1-17)  21%         4
 Yara's Violent Unravell  Hex/Tmut       10%        3d6       22%         5
 Plasma Beam              Fire/Air       17%        2x1d28    36%         6
 Petrify                  Tmut/Erth      10%        N/A       61%         4
 Metabolic Englaciation   Hex/Ice        10%        N/A       65%         5
 Alistair's Intoxication  Tmut/Pois      6%         N/A       91%         5
 Enfeeble                 Hex            15%        N/A       100%        7
 Chain Lightning          Conj/Air       14%        3d19      100%        9
 Shatter                  Erth           5%         3d8*      100%        9


Dungeon Overview and Level Annotations

Branches:
Dungeon (10/15)            Temple (1/1) D:7            Lair (3/5) D:8
 Shoals (0/4) Lair:2        Snake (0/4) Lair:3          Orc (0/2) D:9

Altars:
Ashenzari
Cheibriados
Dithmenos
Fedhas
Gozag
Hepliaklqana
Kikubaaqudgha
Makhleb
Nemelex Xobeh
Okawaru
Qazlal
Ru
Sif Muna
Trog
Uskayaw
Vehumet
Wu Jian
Xom
Yredelemnul

Shops:
D:2 (   D:5 *   D:6 :*   D:8 *(

Annotations:
D:10 5 transporters, Sirjeffry24's ghost, journeyman TeCj
Lair:1 1 runed translucent door, mightbedylan's ghost, journeyman DjHs


Innate Abilities, Weirdness & Mutations

You have hoof-like feet.
You are partially covered in slimy green scales. (AC +2)
You are mostly covered in sharp spines.
Spells you cast and wands you use may paralyse nearby enemies.


Message History

Aim: a death yak The sticky flame hits the death yak but does no damage.
The death yak is covered in liquid flames!
Malevolent energies surge around you.
The death yak burns!
The water moccasin bites you. The death yak gores you! The death yak gores you.
* * * LOW HITPOINT WARNING * * *
Casting: Sticky Flame (mildly dangerous; 1% risk of failure)
Confirm with . or Enter, or press ? or * to list all spells.
You don't have enough magic to cast this spell.
Casting: Sticky Flame (mildly dangerous; 1% risk of failure)
Confirm with . or Enter, or press ? or * to list all spells.
Flames lash the water moccasin.
The water moccasin is severely wounded.
The water moccasin's fire resistance burns away.
Malevolent energies surge around you.
The water moccasin suddenly stops moving!
The death yak burns!
The death yak is struck by your spines. The death yak gores you!
* * * LOW HITPOINT WARNING * * *
The death yak is struck by your spines.
The death yak gores you but does no damage.
The helpless water moccasin fails to defend itself.
You slice the water moccasin!!
You kill the water moccasin!
Vehumet accepts your kill.
You feel your power returning.
The death yak burns!
The death yak is struck by your spines. The death yak barely misses you.
The death yak gores you.
* * * LOW HITPOINT WARNING * * *
You slash the death yak! You drain the death yak.
The death yak is severely wounded.
The death yak burns!
The death yak stops burning.
The death yak gores you.
* * * LOW HITPOINT WARNING * * *
The death yak is struck by your spines. The death yak barely misses you.
You hit the death yak but do no damage. You kick the death yak.
The death yak is severely wounded.
The death yak is struck by your spines. The death yak gores you.
* * * LOW HITPOINT WARNING * * *
The death yak is struck by your spines. The death yak gores you!
You die...

......
......
......
..<.# ....
#..######
##..#...P#
#...Y...#
#...Y@..#
#...†...#
###
#.......##
#..
###...†..##
#..
#.......#
#..
##.....##
##..
#......#
##...
#.#....#
#.... ..
##....##
##....


You could see 2 death yaks.

Vanquished Creatures
  Harold (D:9)
  A hydra (Lair:2)
  A catoblepas (Lair:1)
  The ghost of sammy202020 the Protected, a novice AtBe of Trog (D:7)
  A death yak (Lair:3)
  A cyclops (D:9)
  A salamander (Lair:3)
  21 elephants
  Joseph (D:9)
  A gargoyle (D:10)
  Psyche (D:7)
  3 cane toads
  Jeremiah (D:8)
  Maggie (D:8)
  2 rime drakes (Lair:3)
  4 komodo dragons
  2 trolls (D:10)
  A hornet (D:10)
  Prince Ribbit (D:7)
  8 blink frogs
  A snapping turtle (Lair:2)
  A wyvern (Lair:2)
  A water elemental (Lair:2)
  14 yaks
  A basilisk (Lair:2)
  3 steam dragons
  3 nagas (Lair:3)
  5 wargs
  5 water moccasins
  3 orc warriors (D:7)
  An ice beast (D:8)
  A sky beast (D:6)
  2 black bears
  An ogre (D:5)
  3 centaurs
  A kobold brigand (D:9)
  A scorpion (D:5)
  9 bullfrogs
  A gnoll sergeant (D:9)
  15 wights
  6 killer bees
  An electric eel (Lair:2)
  A vampire bat (Lair:1)
  A howler monkey (D:9)
  6 orc priests
  A hound (D:5)
  A gnoll bouda (D:6)
  2 sleepcaps
  6 iguanas
  9 orc wizards
  13 hell rats (Lair:3)
  16 gnolls
  13 adders
  A shadow imp (D:5)
  2 worms
  A dart slug (D:4)
  52 orcs
  10 bats
  3 endoplasms
  5 giant cockroaches
  9 hobgoblins
  3 jackals (D:2)
  4 quokkas
  9 ball pythons
  6 frilled lizards
  12 goblins
  12 kobolds
  8 rats
339 creatures vanquished.

Vanquished Creatures (collateral kills)
  4 foxfires
4 creatures vanquished.

Vanquished Creatures (others)
  848 foxfires
848 creatures vanquished.

Grand Total: 1191 creatures vanquished

Notes
Turn   | Place    | Note
-------+----------+-------------------------------------------
     0 | D:1      | gelatine the Demonspawn Fire Elementalist began the quest
                  | for the Orb.
     0 | D:1      | Reached XP level 1. HP: 13/13 MP: 3/3
   284 | D:1      | Gained mutation: You have large cloven feet. [demonic
                  | ancestry]
   284 | D:1      | Reached XP level 2. HP: 20/20 MP: 0/5
   487 | D:1      | Reached skill level 3 in Fire Magic
  1015 | D:2      | Gained mutation: Spells you cast may paralyse adjacent
                  | enemies. [demonic ancestry]
  1015 | D:2      | Reached XP level 3. HP: 25/25 MP: 3/6
  1092 | D:2      | Found Cygre's Weapon Shoppe.
  1452 | D:2      | Gained mutation: Spells you cast may paralyse nearby
                  | enemies. [demonic ancestry]
  1452 | D:2      | Reached XP level 4. HP: 31/31 MP: 3/7
  2205 | D:3      | Reached skill level 1 in Fighting
  2305 | D:3      | Learned a level 2 spell: Scorch
  2340 | D:3      | Gained mutation: Spells you cast and wands you use may
                  | paralyse nearby enemies. [demonic ancestry]
  2340 | D:3      | Reached XP level 5. HP: 37/37 MP: 4/9
  3932 | D:4      | Found a hide-covered altar of Uskayaw.
  3942 | D:4      | Noticed a black bear
  3949 | D:4      | Killed a black bear
  3950 | D:4      | Reached skill level 4 in Fire Magic
  3950 | D:4      | Gained mutation: You are partially covered in sharp spines.
                  | [demonic ancestry]
  3950 | D:4      | Reached XP level 6. HP: 43/43 MP: 11/11
  4253 | D:5      | Entered Level 5 of the Dungeon
  4270 | D:5      | Reached skill level 1 in Maces & Flails
  4435 | D:5      | Found Uziuk's Serpentskin Sales.
  4575 | D:5      | Reached XP level 7. HP: 49/49 MP: 12/12
  4947 | D:5      | Identified the +5 war axe "Conservator" {venom, MP+9 Dex+4}
  5035 | D:5      | Reached skill level 5 in Fire Magic
  5099 | D:5      | Learned a level 3 spell: Inner Flame
  5103 | D:5      | Learned a level 3 spell: Volatile Blastmotes
  5108 | D:5      | Learned a level 4 spell: Flame Wave
  5463 | D:6      | Found Plog's Book Boutique.
  5759 | D:6      | Gained mutation: You have hoof-like feet. [demonic
                  | ancestry]
  5759 | D:6      | Reached XP level 8. HP: 58/58 MP: 14/14
  5906 | D:6      | Reached skill level 1 in Hexes
  6076 | D:6      | Found Focs's Assorted Antiques.
  6081 | D:6      | Reached skill level 1 in Translocations
  6103 | D:6      | Bought a smoking ruby amulet for 130 gold pieces
  6103 | D:6      | Identified the amulet "Ludgharu" {Spirit rElec rPois} (You
                  | bought it in a shop on level 6 of the Dungeon)
  6103 | D:6      | Bought a scroll labelled OREPEA UWUNIUCAENK for 26 gold
                  | pieces
  6724 | D:7      | Noticed Prince Ribbit
  6728 | D:7      | Reached skill level 5 in Spellcasting
  6733 | D:7      | Killed Prince Ribbit
  6845 | D:7      | Reached skill level 6 in Fire Magic
  6999 | D:7      | Reached skill level 1 in Axes
  6999 | D:7      | Gained mutation: You are partially covered in slimy green
                  | scales. (AC +2) [demonic ancestry]
  6999 | D:7      | Reached XP level 9. HP: 55/65 MP: 17/17
  7181 | D:7      | Found a staircase to the Ecumenical Temple.
  7192 | Temple   | Entered the Ecumenical Temple
  7202 | Temple   | Became a worshipper of Vehumet
  7340 | D:7      | Found a runed translucent gate.
  7353 | D:7      | Found a runed translucent gate.
  7359 | D:7      | Found a runed translucent gate.
  7360 | D:7      | Noticed sammy202020's ghost (novice AtBe)
  7365 | D:7      | Identified the +2 chain mail "Mamaem" {Dex+2 Stlth+}
  7746 | D:8      | Noticed Jeremiah
  7965 | D:8      | Found Soelen's Weapon Boutique.
  7991 | D:8      | Noticed Psyche
  7994 | D:8      | Found a staircase to the Lair.
  8015 | D:7      | Killed Psyche
  8550 | D:7      | Killed sammy202020's ghost
  8786 | D:7      | Reached skill level 7 in Fire Magic
  8787 | D:7      | Reached skill level 5 in Conjurations
  8787 | D:7      | Reached XP level 10. HP: 69/73 MP: 13/20
  9064 | D:8      | Killed Jeremiah
  9205 | D:8      | Reached * piety under Vehumet
  9205 | D:8      | Offered knowledge of Magic Dart by Vehumet.
  9299 | D:8      | Found Sedd's Superlative Supplies.
  9341 | D:8      | Identified the +9 whip "Ystezuto" {heavy, Drain Int+3
                  | Dex+6}
  9448 | D:8      | Noticed Maggie
  9459 | D:8      | Killed Maggie
  9460 | D:8      | Reached skill level 5 in Fighting
  9517 | D:8      | Learned a level 1 spell: Magic Dart
  9971 | D:8      | Found a hazy altar of Hepliaklqana.
  9971 | D:8      | Found a burning altar of Makhleb.
  9987 | D:8      | Found a sacrificial altar of Ru.
 10313 | D:9      | Noticed Harold
 10334 | D:9      | Killed Harold
 10610 | D:9      | Found a staircase to the Orcish Mines.
 10617 | D:9      | Noticed a cyclops
 11084 | D:9      | Killed a cyclops
 11335 | D:9      | Gained mutation: You are mostly covered in sharp spines.
                  | [demonic ancestry]
 11335 | D:9      | Reached XP level 11. HP: 54/80 MP: 2/23
 11555 | D:9      | Identified the +7 long sword of Termination {drain, Str+2
                  | Int+3}
 11579 | D:9      | Noticed Joseph
 11592 | D:9      | Killed Joseph
 11805 | D:9      | Reached skill level 1 in Evocations
 11974 | D:9      | Found an iron altar of Okawaru.
 11978 | D:9      | Identified the +4 trident of Doomed Honour {distort, rElec}
 12132 | D:9      | Learned a level 1 spell: Apportation
 12200 | D:10     | Entered Level 10 of the Dungeon
 12217 | D:10     | Learned a level 9 spell: Fire Storm
 12248 | D:10     | Found a transporter.
 12249 | D:10     | Found a transporter.
 12271 | D:10     | Found a transporter.
 12271 | D:10     | Found a transporter.
 12277 | D:10     | Found a transporter.
 12277 | D:10     | Found a transporter.
 12291 | D:10     | Offered knowledge of Kiss of Death by Vehumet.
 12332 | D:10     | Found a transporter.
 12391 | D:10     | Found a transporter.
 12396 | D:10     | Noticed Sirjeffry24's ghost (journeyman TeCj)
 12473 | D:10     | Found a blossoming altar of Fedhas.
 12497 | D:10     | Reached ** piety under Vehumet
 12861 | D:10     | Reached skill level 8 in Fire Magic
 13471 | Lair:1   | Entered Level 1 of the Lair of Beasts
 13601 | Lair:1   | Found a runed translucent door.
 13601 | Lair:1   | Noticed mightbedylan's ghost (journeyman DjHs)
 13644 | Lair:1   | Noticed a catoblepas
 13667 | Lair:1   | Killed a catoblepas
 14618 | Lair:2   | Identified the "Qagh"
 14888 | Lair:2   | Offered knowledge of Dazzling Flash by Vehumet.
 14892 | Lair:2   | Reached skill level 1 in Armour
 15184 | Lair:2   | Noticed a seven-headed hydra
 15193 | Lair:2   | Killed a seven-headed hydra
 15194 | Lair:2   | Reached skill level 9 in Fire Magic
 15194 | Lair:2   | Reached XP level 12. HP: 89/89 MP: 24/24
 15306 | Lair:2   | Found a staircase to the Shoals.
 15649 | Lair:2   | Reached skill level 1 in Long Blades
 16161 | Lair:3   | Reached *** piety under Vehumet
 16181 | Lair:3   | Reached skill level 5 in Stealth
 16183 | Lair:3   | Offered knowledge of Sticky Flame by Vehumet.
 16277 | Lair:3   | Learned a level 4 spell: Sticky Flame
 16597 | Lair:3   | Found a staircase to the Snake Pit.
 16608 | Lair:3   | Reached **** piety under Vehumet
 16745 | Lair:3   | Noticed a death yak
 16747 | Lair:3   | Noticed a death yak
 16748 | Lair:3   | Noticed a death yak
 16749 | Lair:3   | Noticed a death yak
 16760 | Lair:3   | Killed a death yak
 16761 | Lair:3   | Reached skill level 10 in Fire Magic
 16769 | Lair:3   | Slain by a death yak

Illustrated notes

Levels and vault maps discovered:
D:1:      wander_arrival_fairy_ring, layout_rooms
D:2:      layout_basic, serial_shops, shop_fountains,
          chequers_serial_rivers_room_b, minmay_quadrilaterals
D:3:      layout_loops_ring
D:4:      layout_basic, eat_drink_and_be_merry_uskayaw
D:5:      layout_gridville, guppyfry_shop_venom
D:6:      layout_gridville, serial_shops, nicolae_shop_crystal,
          nicolae_shop_trees
D:7:      layout_cave_pools, minmay_temple_entry_glass,
          biasface_ghost_orc_armoury, uniq_prince_ribbit1
D:8:      layout_layer_cave, gammafunk_temple_overflow_forgotten,
          erik_lair_orcish_takeover, serial_shops, shop, minmay_statues_item,
          nicolae_alphabet_shops, minmay_misc_feat_four_crosses,
          nicolae_benzene_ring, uniq_jeremiah, uniq_maggie, uniq_psyche
D:9:      layout_long_grid, zin_scriptorium, kennysheep_okawaru_gauntlet,
          erik_orc_3, uniq_joseph, uniq_harold
D:10:     layout_stronghold, marbit_many_paths, gammafunk_ghost_stat_death,
          serial_nicolae_subway, nicolae_sub_station_metal,
          nicolae_sub_station_crystal, nicolae_sub_station_stone
Temple:   nicolae_temple_bog_church
Lair:1:   layout_regular_city, gammafunk_ghost_grave, roderic_batcave
Lair:2:   layout_hall_layers, minmay_shoals_entry_hut
Lair:3:   layout_cave_pods, alex1729_snake_entry_snake

Skill      XL: |  1  2  3  4  5  6  7  8  9 10 11 12 |
---------------+-------------------------------------+-----
Dodging        | 2 3 4 |  4.1
Fire Magic     | 3 4 5 6 7 9 10 | 10.0
Stealth        | 2 3 4 5 |  5.2
Fighting       | 1 3 4 5 6 7 |  7.8
Spellcasting   | 3 4 5 6 8 9 |  9.5
Conjurations   | 2 3 4 5 6 8 |  8.1
Maces & Flails | 1 |  1.1
Hexes          | 2 3 4 |  4.5
Translocations | 1 2 4 |  4.1
Axes           | 1 2 3 4 |  4.4
Evocations     | 3 |  3.0
Armour         | 1 2 |  2.0
Long Blades    | 4 |  4.0
Short Blades   | |  0.1

Action                     |  1- 3 |  4- 6 |  7- 9 | 10-12 || total
---------------------------+-------+-------+-------+-------++-------
  Melee: Unarmed           |     3 |       |       |       ||     3
         Whip              |    53 |    35 |       |       ||    88
         Kick              |    13 |     7 |    18 |    63 ||   101
         Punch             |     1 |     1 |     2 |       ||     4
         War axe           |       |       |    74 |   100 ||   174
         Dagger            |       |       |     5 |       ||     5
         Long sword        |       |       |       |    75 ||    75
   Cast: Foxfire           |    51 |    89 |   160 |   188 ||   488
         Scorch            |       |    26 |    48 |   103 ||   177
         Flame Wave        |       |       |     6 |    13 ||    19
         Volatile Blastmot |       |       |     4 |     6 ||    10
         Magic Dart        |       |       |       |   175 ||   175
         Sticky Flame      |       |       |       |     6 ||     6
  Evoke: Wand              |       |       |     6 |    11 ||    17
    Use: Scroll            |       |    14 |     3 |     8 ||    25
         Potion            |       |       |     9 |     2 ||    11
   Stab: Sleeping          |     2 |       |     1 |       ||     3
         Paralysed         |     4 |    14 |    24 |    50 ||    92
 Armour: Robe              |    17 |    11 |    80 |     3 ||   111
         Skin              |       |       |    10 |       ||    10
         Steam dragon scal |       |       |       |    93 ||    93
         Troll leather arm |       |       |       |   212 ||   212
  Dodge: Dodged            |    30 |    17 |    39 |   179 ||   265

Table legend: (Time is in decaauts)
 A = Elapsed time spent in this place.
 B = Non-inter-level travel time spent in this place.
 C = Inter-level travel time spent in this place.
 D = Time resting spent in this place.
 E = Time spent auto-exploring this place.
 F = Levels seen in this place.
 G = Mean time per level.
                   A        B        C        D        E       F      G
               +--------+--------+--------+--------+--------+-----+--------+
         Total |  16857 |  16298 |    559 |      0 |  13487 |  14 | 1204.1 |
       Dungeon |  13498 |  13062 |    436 |      0 |  10890 |  10 | 1349.8 |
        Temple |     20 |      2 |     18 |      0 |      0 |   1 |   20.0 |
          Lair |   3337 |   3232 |    105 |      0 |   2596 |   3 | 1112.3 |
               +--------+--------+--------+--------+--------+-----+--------+

Top non-repeatable levels by time:
     D:7: 2109 daAuts
     D:9: 1781 daAuts
     D:8: 1668 daAuts
  Lair:2: 1560 daAuts
     D:3: 1437 daAuts
     D:6: 1246 daAuts
    D:10: 1223 daAuts
     D:5: 1207 daAuts
  Lair:1: 1151 daAuts
     D:2: 1113 daAuts
     D:4: 1000 daAuts
     D:1: 710 daAuts
  Lair:3: 625 daAuts
  Temple: 20 daAuts
